 Dungeon Crawl Stone Soup version 0.30.1-3-gfc49f6343a (webtiles) character file.

Game seed: 2333404117902672969

336766 McKennaii the Sorcerer (level 20, 0/161 HPs)
             Began as a Demigod Conjurer on Aug 1, 2023.
             Slain by a rockslime (34 damage)
             ... created by the Royal Jelly
             ... on level 5 of the Pits of Slime.
             The game lasted 01:37:57 (53973 turns).

McKennaii the Sorcerer (Demigod Conjurer)          Turns: 53973, Time: 01:37:57

Health: 0/161      AC: 13    Str: 21 (22) XL:     20   Next: 15%
Magic:  33/53      EV: 12    Int: 44      God:
Gold:   2550       SH:  0    Dex: 11      Spells: 43/65 levels left

rFire   + . .        T - staff of cold
rCold   + + .        (no shield)
rNeg    + + +        W - +5 steam dragon scales
rPois   .            (helmet restricted)
rElec   .            N - scarf {rC+ rF+}
rCorr   +            Z - +2 pair of gloves {Str+3}
SInv    .            Y - +1 pair of boots "Xoukhloqo" {+Blink rN+++ Str+4 Stlth-}
Will    +++..        X - amulet of magic regeneration
Stlth   +            F - ring of resist corrosion
HPRegen 0.46/turn    U - ring of Qazlal's Condemnation {rN+ Will+ Int+4}
MPRegen 0.73/turn

%: no passive effects
@: about to teleport, studying Polearms
A: high MP 1, forlorn, divine attributes, horns 1, clever 1, deformed body,
deterioration 2, noise suppression
}: 2/15 runes: barnacled, gossamer
a: Evoke Blink


You were on level 5 of the Pits of Slime.
You visited 7 branches of the dungeon, and saw 38 of its levels.
You also visited: Bailey, Gauntlet and Ice Cave.

You collected 5716 gold pieces.
You spent 3166 gold pieces at shops.

Inventory:

Hand Weapons
 M - the +2 rapier of the Screaming Gods {flame, rF+ Will+}
   (You took it off an orc warrior in a bailey)

   rF:        It protects you from fire.
   Will:      It increases your willpower.
Armour
 N - a scarf of resistance (worn)
 W - +5 steam dragon scales (worn)
 Y - the +1 pair of boots "Xoukhloqo" (worn) {+Blink rN+++ Str+4 Stlth-}
   (You bought it in a shop on level 1 of the Orcish Mines)

   Str:       It affects your strength (+4).
   rN:        It renders you almost immune to negative energy.
   +Blink:    It lets you blink.
   Stlth:     It makes you less stealthy.
 Z - a +2 pair of gloves of strength (worn)
Magical Staves
 J - the staff of fire "Sovujy Sioce" {rF+ rN+ Dex+7}
   (You found it on level 3 of the Elven Halls)

   [staff of fire]

   Base accuracy: +5 Base damage: 5 Base attack delay: 1.2 This weapon's minimum
   attack delay (0.6) is reached at skill level 12.
   Dex:       It affects your dexterity (+7).
   rF:        It protects you from fire.
   rN:        It protects you from negative energy.
   It falls into the 'Staves' category.
   It is a one-handed weapon.
 T - a staff of cold (weapon)
Jewellery
 a - a ring of flight
 c - the ring "Kukuonogae" {Wiz rElec Dex+5 SInv}
   (You found it on level 4 of the Shoals)

   [ring of wizardry]

   It improves your spell success rate.
   Dex:       It affects your dexterity (+5).
   rElec:     It insulates you from electricity.
   SInv:      It lets you see invisible.
 i - a ring of positive energy
 p - a ring of fire
 x - the macabre finger necklace {Finger+ rN+}
   (You found it on level 4 of the Shoals)

   [amulet of nothing]

   Finger+:   It enables you to equip an extra ring.
   rN:        It protects you from negative energy.
 F - a ring of resist corrosion (left hand)
 S - the ring "Xuydgh" {Ice rN+ Dex+4}
   (You took it off a deep elf high priest on level 3 of the Elven Halls)

   [ring of ice]

   It enhances your ice magic.
   Dex:       It affects your dexterity (+4).
   rF:        It makes you vulnerable to fire.
   rC:        It protects you from cold.
   rN:        It protects you from negative energy.
 U - the ring of Qazlal's Condemnation (right hand) {rN+ Will+ Int+4}
   (You found it in a Gauntlet)

   [ring of willpower]

   Int:       It affects your intelligence (+4).
   rN:        It protects you from negative energy.
   Will:      It increases your willpower.
 X - an amulet of magic regeneration (around neck)
Wands
 g - a wand of roots (44)
 t - a wand of flame (100)
 w - a wand of charming (22)
 D - a wand of quicksilver (7)
 E - a wand of mindburst (31)
 O - a wand of digging (9)
 P - a wand of polymorph (34)
Scrolls
 e - 12 scrolls of blinking
 j - a scroll of brand weapon
 k - a scroll of amnesia
 n - 18 scrolls of teleportation
 s - 5 scrolls of magic mapping
 v - 5 scrolls of immolation
 y - a scroll of enchant armour
 A - 3 scrolls of vulnerability
 C - 2 scrolls of butterflies
 H - 7 scrolls of fog
 I - 5 scrolls of enchant weapon
 L - 6 scrolls of fear
 Q - 2 scrolls of silence
 R - 7 scrolls of poison
Potions
 b - 4 potions of magic
 d - 10 potions of heal wounds
 f - 8 potions of flight
 h - 28 potions of curing
 l - 12 potions of might
 m - 15 potions of ambrosia
 o - 3 potions of berserk rage
 q - 5 potions of invisibility
 r - 5 potions of haste
 u - 6 potions of brilliance
 z - 6 potions of attraction
 B - 4 potions of resistance
 G - 10 potions of mutation
 K - 5 potions of cancellation
 V - 4 potions of lignification


   Skills:
 - Level 10.0 Fighting
 - Level 4.0 Armour
 - Level 1.7 Dodging
 - Level 1.7 Stealth
 + Level 23.2 Spellcasting
 - Level 15.2 Conjurations
 - Level 13.3 Ice Magic
 + Level 12.7 Earth Magic


You had 43 spell levels left.
You knew the following spells:

 Your Spells              Type           Power      Damage    Failure   Level
a - Magic Dart            Conj           100%       1d8       0%          1
b - Searing Ray           Conj           100%       2d8       0%          2
c - Iskenderun's Mystic   Conj/Tloc      87%        2d17      1%          4
d - Stone Arrow           Conj/Erth      100%       3d13      0%          3
f - Freezing Cloud        Conj/Ice/Air   58%        6-21      1%          5
r - Ozocubu's Refrigerat  Ice            64%        4d21      1%          7

Your spell library contained the following spells:

 Spells                   Type           Power      Damage    Failure   Level
 Foxfire                  Conj/Fire      100%       2x1d9     0%          1
 Shock                    Conj/Air       100%       1d9       0%          1
 Frozen Ramparts          Ice            100%       1d16      0%          3
 Ozocubu's Armour         Ice            100%       N/A       0%          3
 Slow                     Hex            100%       N/A       1%          1
 Summon Small Mammal      Summ           100%       N/A       1%          1
 Blink                    Tloc           100%       N/A       1%          2
 Call Imp                 Summ           100%       N/A       1%          2
 Cigotuvi's Dreadful Rot  Necr/Pois/Air  100%       N/A       1%          2
 Lesser Beckoning         Tloc           100%       N/A       1%          2
 Momentum Strike          Conj/Tloc      100%       3d10      1%          2
 Call Canine Familiar     Summ           50%        N/A       1%          3
 Confusing Touch          Hex            50%        N/A       1%          3
 Dazzling Flash           Conj/Hex       100%       N/A       1%          3
 Gell's Gravitas          Tloc           50%        N/A       1%          3
 Ignite Poison            Fire/Tmut/Pois 50%        N/A       1%          3
 Portal Projectile        Hex/Tloc       100%       N/A       1%          3
 Summon Guardian Golem    Hex/Summ       50%        N/A       1%          3
 Swiftness                Air            50%        N/A       1%          3
 Teleport Other           Tloc           50%        N/A       1%          3
 Vampiric Draining        Necr           50%        2d9       1%          3
 Volatile Blastmotes      Fire/Tloc      100%       2d18      1%          3
 Animate Armour           Summ/Erth      100%       N/A       1%          4
 Fulminant Prism          Conj/Hex       43%        3d19      1%          4
 Ice Form                 Ice/Tmut       100%       N/A       1%          4
 Leda's Liquefaction      Hex/Erth       41%        N/A       1%          4
 Petrify                  Tmut/Erth      82%        N/A       1%          4
 Summon Ice Beast         Ice/Summ       100%       N/A       1%          4
 Borgnjor's Vile Clutch   Necr/Erth      41%        N/A       1%          5
 Fireball                 Conj/Fire      43%        3d17      1%          5
 Lee's Rapid Deconstruct  Erth           52%        3d24*     1%          5
 Metabolic Englaciation   Hex/Ice        52%        N/A       1%          5
 Starburst                Conj/Fire      43%        6d12      2%          6
 Airstrike                Air            25%        2d(4-20)  3%          4
 Manifold Assault         Tloc           50%        N/A       3%          4
 Summon Lightning Spire   Summ/Air       50%        N/A       3%          4
 Statue Form              Tmut/Erth      54%        N/A       3%          6
 Lehudib's Crystal Spear  Conj/Erth      54%        10d13     8%          8
 Agony                    Necr           50%        N/A       10%         5
 Alistair's Intoxication  Tmut/Pois      33%        N/A       10%         5
 Silence                  Hex/Air        25%        N/A       10%         5
 Summon Forest            Summ/Tloc      25%        N/A       10%         5
 Summon Mana Viper        Hex/Summ       50%        N/A       10%         5
 Eringya's Noxious Bog    Tmut/Pois      25%        N/A       47%         6
 Plasma Beam              Fire/Air       25%        2x1d41    47%         6
 Haunt                    Necr/Summ      25%        N/A       96%         7
 Monstrous Menagerie      Summ           25%        N/A       96%         7
 Storm Form               Tmut/Air       25%        N/A       96%         7
 Maxwell's Capacitive Co  Air            25%        ∞         100%        8
 Summon Horrible Things   Summ           25%        N/A       100%        8


Dungeon Overview and Level Annotations

Branches:
Dungeon (15/15)            Temple (0/1) D:7            Lair (5/5) D:10
 Shoals (4/4) Lair:3       Spider (4/4) Lair:2        Slime (5/5) Lair:4
    Orc (2/2) D:11            Elf (3/3) Orc:2        Vaults (0/5) D:14
 Depths (0/4) D:15         Bailey (visited)           IceCv (visited)
Gauntlet (visited)

Shops:
D:1 ?(*?[   D:2 ?:   D:3 (   Orc:1 =([([   Orc:2 :[([(   Elf:1 (   Elf:2 *
Elf:3 !   Shoals:1 (?:*

Portals:
Abyss: Lair:5

Annotations:
Slime:5 Royal Jelly


Innate Abilities, Weirdness & Mutations

You have an increased reservoir of magic. (+10% MP)
You shall have no god before yourself.
Your divine heritage dramatically boosts your attributes as you level up.
You have a pair of small horns on your head.
Your mind is acute. (Int +4, Str/Dex -1)
Armour fits poorly on your strangely shaped body.
Your body often deteriorates upon taking damage.
You passively dampen the noise of your surroundings.


Message History

The azure jelly resists.
The azure jelly is lightly wounded.
The Royal Jelly shudders violently.
The Royal Jelly spits out three more jellies.
The Royal Jelly is engulfed in freezing vapours.
The Royal Jelly shudders.
The Royal Jelly spits out another jelly.
The acid blob is engulfed in freezing vapours.
The acid blob spits acid at you. The splash of acid hits you! You resist.
The azure jelly is engulfed in freezing vapours. x2
The azure jelly hits you. The azure jelly freezes you! You resist.
The azure jelly hits you. The azure jelly freezes you! You resist.
The azure jelly hits you. The azure jelly hits you!
The quicksilver ooze hits you!
The quicksilver ooze hits you but does no damage.
Unknown command.
Unknown command.
As you read the scroll of teleportation, it crumbles to dust.
You feel strangely unstable.
The Royal Jelly is engulfed in freezing vapours.
The Royal Jelly shudders.
The Royal Jelly spits out another jelly.
The quicksilver ooze closely misses you.
The quicksilver ooze barely misses you.
The acid blob is engulfed in freezing vapours.
The azure jelly is engulfed in freezing vapours.
The rockslime hits you.
You hold your ground!
The azure jelly hits you but does no damage.
The azure jelly hits you! The azure jelly freezes you! You resist.
The azure jelly hits you. x2; The rockslime hits you!!
* * * LOW HITPOINT WARNING * * *
Your body deteriorates!
You feel weakened.
You stumble backwards!
The Royal Jelly is engulfed in freezing vapours.
The Royal Jelly shudders.
The Royal Jelly spits out another jelly.
Unknown command.
The rockslime attacks as you move away! The rockslime hits you!!
You die...

....J..G...### #..# #.........
.....JJJ.....####.### ##.........
.....JJ.........#...###..........
....J............................
......J..........................
.................................
.................................
#................................
#....<........JJ@................
####..........JJJ................
#.......J§§JJ.................
#........J§§J.................#
###......J§J.................#.
##.....J.J.................#.
##......................####
##.#....###.........#.##
###.#####.......######


You could see the Royal Jelly, 4 acid blobs, 3 azure jellies, 3 rockslimes and 3
quicksilver oozes.

Vanquished Creatures
  Saint Roka (Orc:2)
  Arachne (Spider:3)
  Jorgrun (D:12)
  2 deep elf master archers (Elf:3)
  15 acid blobs
  4 deep elf blademasters (Elf:3)
  Polyphemus (Shoals:2)
  2 krakens (Shoals:1)
  Kirke (Spider:1)
  8 rockslimes
  14 azure jellies
  A fire giant (D:15)
  4 ghost moths
  Louise (Elf:2)
  9 emperor scorpions
  Aizul (Spider:1)
  6 deep elf elementalists
  5 deep elf sorcerers (Elf:3)
  The ghost of Cown the Bludgeoner, a journeyman TrHu of Yredelemnul (D:14)
  2 orc warlords
  2 broodmothers
  A cacodemon (D:14)
  8 quicksilver oozes
  8 deep elf demonologists
  3 spark wasps
  A minotaur (Gauntlet)
  Azrael (D:12)
  13 deep elf annihilators
  4 deep elf death magi (Elf:3)
  Josephine (Spider:1)
  6 entropy weavers
  2 merfolk javelineers
  An ettin (Orc:2)
  3 great orbs of eyes
  7 merfolk impalers
  5 deep elf high priests (Elf:3)
  A rakshasa (D:14)
  5 hydras
  Erolcha (D:10)
  2 ogre magi (D:15)
  A catoblepas (Shoals:2)
  A jorogumo (Spider:2)
  An alligator snapping turtle (Shoals:4)
  7 radroaches
  6 merfolk avatars
  4 centaur warriors
  15 two-headed ogres
  28 dancing weapons
  7 satyrs
  5 merfolk aquamancers
  10 boulder beetles
  3 thrashing horrors (Lair:5)
  3 orc high priests (Orc:2)
  Sonja (D:13)
  14 deep elf knights
  7 death yaks
  A sun moth (Spider:3)
  7 skysharks
  10 pharaoh ants
  4 skeletal warriors (D:14)
  A sea snake (shapeshifter) (D:13)
  15 sea snakes
  7 orb spiders
  A sixfirhy (Gauntlet)
  A swamp dragon (shapeshifter) (Elf:2)
  5 glowing orange brains
  3 orc knights
  13 deep elf archers
  11 steelbarb worms
  26 deep elf zephyrmancers
  16 ugly things
  4 orc sorcerers
  24 deep elf pyromancers
  19 harpies (Shoals:4)
  27 wolf spiders
  8 fauns
  18 manticores
  9 elephants
  10 shining eyes
  A moth of wrath (Spider:4)
  4 cyclopes
  2 ice statues (IceCv)
  11 merfolk sirens
  4 eyes of devastation
  4 demonic crawlers (Spider:4)
  4 torpor snails
  An apocalypse crab (Gauntlet)
  Joseph (D:7)
  3 water nymphs
  2 black mambas
  8 cane toads
  6 rime drakes
  Maggie (D:8)
  3 smoke demons (Lair:5)
  A rime drake (shapeshifter) (Lair:5)
  Psyche (D:8)
  2 kobold demonologists
  6 komodo dragons
  An efreet (D:14)
  An ancient zyme (Lair:5)
  A komodo dragon (shapeshifter) (D:14)
  A polar bear (Lair:5)
  3 meliai (Spider:4)
  6 trolls
  A meliai (shapeshifter) (D:11)
  Prince Ribbit (D:8)
  40 merfolk
  2 large abominations (Lair:5)
  A snapping turtle (shapeshifter) (D:14)
  26 tarantellas
  6 wind drakes
  A hornet (shapeshifter) (D:14)
  A dream sheep (shapeshifter) (Elf:1)
  21 blink frogs
  11 snapping turtles
  6 dream sheep (Lair:4)
  3 air elementals
  28 culicivoras
  A culicivora (shapeshifter) (D:15)
  89 slime creatures
  A spriggan (shapeshifter) (D:14)
  61 yaks
  2 ynoxinuls (Lair:5)
  33 jumping spiders
  6 shadows
  14 water elementals
  7 wyverns
  A vampire (D:11)
  9 wraiths
  A fire elemental (D:12)
  6 golden eyes (Slime:5)
  2 basilisks (shapeshifter)
  3 hogs (Spider:1)
  87 redbacks
  8 basilisks
  2 chaos spawn (Lair:5)
  3 neqoxecs (D:14)
  9 small abominations (Lair:5)
  2 vampire mosquitoes (D:11)
  A swamp worm (shapeshifter) (D:14)
  3 wargs
  Duvessa (D:7)
  20 water moccasins
  A floating eye (Slime:5)
  3 ice beasts
  A black bear (D:6)
  4 hell hounds (D:12)
  42 orc warriors
  2 sky beasts (D:7)
  12 ogres
  29 wolves
  5 boggarts (D:15)
  20 centaurs
  2 phantoms (D:5)
  A kobold brigand (D:9)
  8 bullfrogs
  A scorpion (shapeshifter) (D:13)
  A cane toad simulacrum (IceCv)
  4 earth elementals
  2 scorpions
  2 gnoll sergeants
  9 wights
  6 killer bees
  Dowan (D:7)
  An electric eel (Spider:3)
  4 jellies
  A lava snake (Lair:5)
  4 hounds
  20 orc priests
  2 gnoll boudas
  2 sleepcaps
  Jessica (D:3)
  An iguana (D:6)
  23 orc wizards
  A polar bear simulacrum (IceCv)
  A wolf simulacrum (IceCv)
  24 gnolls
  7 adders
  A shadow imp (D:6)
  A white imp (D:7)
  4 ufetubi (Gauntlet)
  3 worms
  3 dart slugs
  80 orcs
  5 endoplasms
  2 giant cockroaches (D:2)
  19 goblins
  20 hobgoblins
  12 kobolds
  2 quokkas (D:2)
  8 ball pythons
  5 bats
  3 frilled lizards
  3 rats
  3 tentacles (Shoals:1)
1528 creatures vanquished.

Vanquished Creatures (others)
  An air elemental (Elf:1)
  3 humans (Spider:1)
  9 tentacles (Shoals:1)
13 creatures vanquished.

Grand Total: 1541 creatures vanquished

Notes
Turn   | Place    | Note
-------+----------+-------------------------------------------
     0 | D:1      | McKennaii the Demigod Conjurer began the quest for the Orb.
     0 | D:1      | Reached XP level 1. HP: 14/14 MP: 5/5
   305 | D:1      | Found Zyraf's Armour Shoppe.
   311 | D:1      | Reached skill level 2 in Spellcasting
   335 | D:1      | Found Ciesh's General Store.
   411 | D:1      | Found Xesugaqo's Magic Scroll Emporium.
   471 | D:1      | Reached XP level 2. HP: 20/20 MP: 2/7
   474 | D:1      | Learned a level 2 spell: Searing Ray
   556 | D:1      | Found Dutzihis's Weapon Shoppe.
   914 | D:1      | Found Hontaos's Magic Scroll Shop.
   917 | D:1      | Bought a scroll of blinking for 82 gold pieces
  1249 | D:2      | Reached XP level 3. HP: 26/26 MP: 4/9
  1374 | D:2      | Found Imeu's Book Shoppe.
  1477 | D:2      | Found Uneukant's Magic Scroll Shoppe.
  1890 | D:2      | Reached skill level 3 in Spellcasting
  1890 | D:2      | Reached XP level 4. HP: 28/33 MP: 5/11
  1895 | D:2      | Learned a level 4 spell: Iskenderun's Mystic Blast
  2369 | D:3      | Found Tumejos's Weapon Shoppe.
  2392 | D:3      | Noticed Jessica
  2395 | D:3      | Killed Jessica
  2766 | D:4      | Reached XP level 5. HP: 37/38 MP: 6/13
  2996 | D:4      | Reached skill level 5 in Conjurations
  3235 | D:4      | Identified the +5 ring mail of Crawling {rPois}
  3447 | D:5      | Entered Level 5 of the Dungeon
  3458 | D:5      | Reached skill level 4 in Spellcasting
  3458 | D:5      | Reached XP level 6. HP: 45/45 MP: 5/15
  3594 | D:5      | Reached skill level 1 in Armour
  4002 | D:5      | Reached XP level 7. HP: 50/50 MP: 9/17
  4008 | D:5      | Learned a level 5 spell: Freezing Cloud
  4482 | D:5      | Reached skill level 1 in Ice Magic
  4742 | D:6      | Reached skill level 5 in Spellcasting
  4919 | D:6      | Reached XP level 8. HP: 57/57 MP: 7/19
  5522 | D:7      | Found a staircase to the Ecumenical Temple.
  5565 | D:7      | Noticed Joseph
  5602 | D:7      | Noticed Duvessa
  5603 | D:7      | Reached skill level 6 in Spellcasting
  5612 | D:7      | Noticed Dowan
  5615 | D:7      | Killed Duvessa
  5619 | D:7      | Killed Dowan
  5788 | D:7      | Reached XP level 9. HP: 62/62 MP: 18/22
  5960 | D:7      | Killed Joseph
  6200 | D:8      | Noticed Prince Ribbit
  6206 | D:8      | Killed Prince Ribbit
  6207 | D:8      | Reached skill level 5 in Ice Magic
  6244 | D:8      | Reached skill level 7 in Spellcasting
  6325 | D:8      | Noticed Psyche
  6331 | D:8      | Killed Psyche
  6344 | D:8      | Noticed a white ugly thing
  6365 | D:8      | Killed a white ugly thing
  6555 | D:8      | Found a flagged portal.
  6561 | Bailey   | Entered a bailey
  6616 | Bailey   | Reached XP level 10. HP: 56/69 MP: 20/25
  7146 | Bailey   | Noticed an orc knight
  7199 | Bailey   | Killed an orc knight
  7200 | Bailey   | Reached skill level 8 in Spellcasting
  7254 | Bailey   | Noticed an orc warlord
  7289 | Bailey   | Killed an orc warlord
  7328 | Bailey   | Identified the +2 rapier of the Screaming Gods {flame, rF+
                  | Will+}
  7587 | D:8      | Noticed a two-headed ogre
  7593 | D:8      | Killed a two-headed ogre
  7918 | D:9      | Acquired the scarf "Poroemut" {+Inv, +Blink rN+++ Int+2
                  | Stlth-}
  8008 | D:9      | Noticed a two-headed ogre
  8015 | D:9      | Killed a two-headed ogre
  8016 | D:9      | Reached skill level 10 in Conjurations
  8397 | D:9      | Reached XP level 11. HP: 49/74 MP: 25/28
  8829 | D:9      | Reached skill level 9 in Spellcasting
  9321 | D:1      | Bought a scroll of fear for 40 gold pieces
  9321 | D:1      | Bought a scroll of teleportation for 30 gold pieces
  9332 | D:1      | Bought a scroll of fear for 48 gold pieces
  9332 | D:1      | Bought 2 potions of heal wounds for 120 gold pieces
  9332 | D:1      | Bought a scroll of fear for 48 gold pieces
  9332 | D:1      | Bought a scroll of teleportation for 36 gold pieces
  9385 | D:2      | Bought a scroll of fear for 44 gold pieces
  9528 | D:10     | Entered Level 10 of the Dungeon
  9813 | D:10     | Found a staircase to the Lair.
 10187 | D:10     | Noticed Erolcha
 10191 | D:10     | Killed Erolcha
 10804 | D:11     | Reached skill level 10 in Spellcasting
 11038 | D:11     | Noticed a boulder beetle
 11196 | D:11     | Found a staircase to the Orcish Mines.
 11288 | D:11     | Noticed a boulder beetle
 11306 | D:11     | Killed a boulder beetle
 11414 | D:11     | Reached XP level 12. HP: 71/81 MP: 20/30
 11790 | D:11     | Reached skill level 10 in Ice Magic
 12501 | D:12     | Noticed a boulder beetle
 12520 | D:12     | Killed a boulder beetle
 12922 | D:12     | Noticed Jorgrun
 12935 | D:12     | Killed Jorgrun
 12936 | D:12     | Reached skill level 11 in Spellcasting
 13130 | D:12     | Noticed Azrael
 13137 | D:12     | Killed Azrael
 13629 | D:13     | Noticed Sonja
 13635 | D:13     | Killed Sonja
 13796 | D:13     | Noticed a centaur warrior
 13801 | D:13     | Killed a centaur warrior
 14341 | D:14     | Noticed a centaur warrior
 14347 | D:14     | Killed a centaur warrior
 14843 | D:14     | Found a gate to the Vaults.
 14862 | D:14     | Found a runed translucent gate.
 14862 | D:14     | Found a runed translucent gate.
 14862 | D:14     | Found a runed translucent gate.
 14935 | D:14     | an alligator changed into a broodmother
 14935 | D:14     | Noticed a broodmother (glowing shapeshifter)
 15019 | D:14     | Reached XP level 13. HP: 86/86 MP: 22/33
 16468 | D:15     | Entered Level 15 of the Dungeon
 16470 | D:15     | Found a staircase to the Depths.
 16470 | D:15     | Noticed a fire giant
 16634 | D:15     | Killed a fire giant
 16635 | D:15     | Reached skill level 12 in Spellcasting
 17811 | D:15     | Reached skill level 13 in Spellcasting
 18889 | D:14     | Found a runed translucent gate.
 18889 | D:14     | Found a runed translucent gate.
 18893 | D:14     | Noticed Cown's ghost (journeyman TrHu)
 18894 | D:14     | Found a runed translucent gate.
 18894 | D:14     | Noticed a cacodemon
 18925 | D:14     | Gained mutation: You occasionally shout uncontrollably at
                  | your foes. [a neqoxec]
 18925 | D:14     | Gained mutation: You frequently scream uncontrollably at
                  | your foes. [a cacodemon]
 18926 | D:14     | Gained mutation: Armour fits poorly on your strangely
                  | shaped body. [a cacodemon]
 18929 | D:14     | Reached XP level 14. HP: 93/93 MP: 21/36
 18934 | D:14     | Killed a cacodemon
 18997 | D:14     | Killed Cown's ghost
 18998 | D:14     | Reached skill level 15 in Conjurations
 19071 | D:14     | Gained mutation: You are clumsy. (Dex -2) [mutagenic glow]
 19080 | D:14     | Gained mutation: Your body sometimes deteriorates upon
                  | taking damage. [mutagenic glow]
 19142 | D:14     | Gained mutation: You have hidden genetic defects.
                  | [mutagenic glow]
 19453 | D:2      | Bought Ozocubu's Autobiography for 264 gold pieces
 19461 | D:2      | Learned a level 7 spell: Ozocubu's Refrigeration
 19584 | D:8      | Noticed Maggie
 19591 | D:8      | Killed Maggie
 19687 | D:8      | Lost mutation: Your body sometimes deteriorates upon taking
                  | damage. [potion of mutation]
 19687 | D:8      | Lost mutation: You have hidden genetic defects. [potion of
                  | mutation]
 19687 | D:8      | Lost mutation: You frequently scream uncontrollably at your
                  | foes. [potion of mutation]
 19687 | D:8      | Lost mutation: Armour fits poorly on your strangely shaped
                  | body. [potion of mutation]
 19687 | D:8      | Gained mutation: Your body sometimes deteriorates upon
                  | taking damage. [potion of mutation]
 19688 | D:8      | Lost mutation: Your body sometimes deteriorates upon taking
                  | damage. [potion of mutation]
 19688 | D:8      | Lost mutation: You are clumsy. (Dex -2) [potion of
                  | mutation]
 19688 | D:8      | Gained mutation: You are frail. (-10% HP) [potion of
                  | mutation]
 19688 | D:8      | Gained mutation: You possess an exceptional clarity of
                  | mind. [potion of mutation]
 19688 | D:8      | Gained mutation: You are strong-willed. (Will+) [potion of
                  | mutation]
 19689 | D:8      | Lost mutation: You occasionally shout uncontrollably at
                  | your foes. [potion of mutation]
 19689 | D:8      | Lost mutation: You are strong-willed. (Will+) [potion of
                  | mutation]
 19689 | D:8      | Lost mutation: You possess an exceptional clarity of mind.
                  | [potion of mutation]
 19689 | D:8      | Gained mutation: You occasionally lose the ability to drink
                  | potions when taking damage. [potion of mutation]
 19690 | D:8      | Lost mutation: You occasionally lose the ability to drink
                  | potions when taking damage. [potion of mutation]
 19690 | D:8      | Lost mutation: You are frail. (-10% HP) [potion of
                  | mutation]
 19690 | D:8      | Gained mutation: You have hidden genetic potential. [potion
                  | of mutation]
 19690 | D:8      | Gained mutation: You passively dampen the noise of your
                  | surroundings. [potion of mutation]
 19780 | Lair:1   | Entered Level 1 of the Lair of Beasts
 20814 | Lair:2   | Found a hole to the Spider Nest.
 21010 | Lair:2   | You fall into a shaft and drop 1 floor!
 21096 | Lair:3   | Found a frozen archway.
 21145 | IceCv    | Entered an ice cave
 21179 | IceCv    | Found a transporter.
 21192 | IceCv    | Found a transporter.
 21213 | IceCv    | HP: 3/93 [something (7)]
 21596 | Lair:3   | Reached skill level 14 in Spellcasting
 22267 | Lair:3   | Found a staircase to the Shoals.
 23153 | Lair:4   | Found a staircase to the Slime Pits.
 23240 | Lair:4   | Found a gate leading to a gauntlet.
 23249 | Gauntlet | Entered a Gauntlet
 23249 | Gauntlet | Found a transporter.
 23249 | Gauntlet | Found a transporter.
 23250 | Gauntlet | Found a transporter.
 23252 | Gauntlet | Found a transporter.
 23252 | Gauntlet | Found a transporter.
 23254 | Gauntlet | Found a transporter.
 23260 | Gauntlet | Found a transporter.
 23263 | Gauntlet | Found a transporter.
 23265 | Gauntlet | Found a transporter.
 23265 | Gauntlet | Found a transporter.
 23274 | Gauntlet | Found a transporter.
 23274 | Gauntlet | Found a transporter.
 23556 | Gauntlet | Identified the ring of Qazlal's Condemnation {rN+ Will+
                  | Int+4}
 23597 | Gauntlet | Reached skill level 1 in Fighting
 23611 | Gauntlet | Identified the +4 leather armour of the Silversmith {rElec}
 24744 | Lair:5   | Entered Level 5 of the Lair of Beasts
 25373 | Lair:5   | Reached XP level 15. HP: 110/110 MP: 32/39
 25641 | Lair:5   | Gained mutation: Your mind is acute. (Int +4, Str/Dex -1)
                  | [hidden potential]
 25836 | Lair:5   | Found a one-way gate to the infinite horrors of the Abyss.
 26070 | Lair:5   | Reached skill level 15 in Spellcasting
 26142 | Lair:5   | Reached skill level 5 in Fighting
 26629 | Orc:1    | Entered Level 1 of the Orcish Mines
 26642 | Orc:1    | Found Ticosch's Armour Emporium.
 26650 | Orc:1    | Bought the +1 pair of boots "Xoukhloqo" {+Blink rN+++ Str+4
                  | Stlth-} for 721 gold pieces
 26650 | Orc:1    | Bought a +2 pair of gloves of strength for 301 gold pieces
 26811 | Orc:1    | Found Xotadias's Antique Armour Emporium.
 26847 | Orc:1    | Found Benoul's Antique Weapon Shop.
 27023 | Orc:1    | Found Ximumif's Weapon Shop.
 27146 | Orc:1    | Found Zofeuqyjia's Jewellery Shop.
 27362 | Orc:2    | Entered Level 2 of the Orcish Mines
 27482 | Orc:2    | Found Riter's Antique Weapon Shop.
 27682 | Orc:2    | Found a staircase to the Elven Halls.
 27683 | Orc:2    | Noticed Saint Roka
 27918 | Orc:2    | Killed Saint Roka
 28092 | Orc:2    | Found Qoruscha's Armour Emporium.
 28274 | Orc:2    | Found Rogu's Book Boutique.
 28398 | Orc:2    | Found Tadd's Antique Weapon Boutique.
 28402 | Orc:2    | Found Jedim's Antique Armour Shop.
 28938 | Shoals:1 | Entered Level 1 of the Shoals
 29069 | Shoals:1 | Found Rewnuac's General Store.
 29078 | Shoals:1 | Bought a potion of curing for 51 gold pieces
 29174 | Shoals:1 | Found Liacaug's Magic Scroll Emporium.
 29174 | Shoals:1 | Found Reuqeat's Weapon Boutique.
 29236 | Shoals:1 | Bought a scroll of acquirement for 728 gold pieces
 29236 | Shoals:1 | Bought a scroll of blinking for 105 gold pieces
 29236 | Shoals:1 | Bought a scroll of fear for 56 gold pieces
 29236 | Shoals:1 | Acquired 1223 gold pieces
 29251 | Shoals:1 | Found Rufom's Book Emporium.
 29451 | Shoals:1 | Noticed a kraken
 29455 | Shoals:1 | Killed a kraken
 29693 | Shoals:1 | Noticed a kraken
 29876 | Shoals:1 | Killed a kraken
 30085 | Shoals:2 | Noticed Polyphemus
 30172 | Shoals:2 | Killed Polyphemus
 30545 | Shoals:2 | Reached skill level 16 in Spellcasting
 30713 | Shoals:2 | Reached XP level 16. HP: 129/129 MP: 27/41
 30927 | Shoals:2 | You fall into a shaft and drop 1 floor!
 30938 | Shoals:2 | Gained mutation: You have a pair of small horns on your
                  | head. [hidden potential]
 30938 | Shoals:2 | Lost mutation: You have hidden genetic potential. [hidden
                  | potential expressed]
 32455 | Shoals:4 | Entered Level 4 of the Shoals
 32631 | Shoals:4 | Reached skill level 10 in Fighting
 32870 | Shoals:4 | Reached skill level 17 in Spellcasting
 32871 | Shoals:4 | Identified the ring "Kukuonogae" {Wiz rElec Dex+5 SInv}
 33097 | Shoals:4 | Got a barnacled rune of Zot
 33457 | Shoals:4 | Got the Grimoire of Creation and Electricity
 33744 | Shoals:4 | Found the macabre finger necklace {Finger+ rN+}
 33954 | Shoals:4 | Reached skill level 18 in Spellcasting
 35560 | Spider:1 | Entered Level 1 of the Spider Nest
 35605 | Spider:1 | Noticed Aizul
 35610 | Spider:1 | Killed Aizul
 36016 | Spider:1 | Noticed Kirke
 36020 | Spider:1 | Killed Kirke
 36065 | Spider:1 | Reached XP level 17. HP: 140/140 MP: 16/45
 36230 | Spider:1 | Noticed Josephine
 36234 | Spider:1 | Killed Josephine
 37266 | Spider:2 | Reached skill level 19 in Spellcasting
 37522 | Spider:2 | Identified the +5 rapier "Paimad" {freeze, rF++ Int-3}
 38502 | Spider:2 | Identified the ring "Sigurobra" {Wiz rF- Dex+4 SInv Stlth+}
 38723 | Spider:3 | Noticed Arachne
 38729 | Spider:3 | Killed Arachne
 39091 | Spider:3 | Reached skill level 20 in Spellcasting
 39172 | Spider:4 | Entered Level 4 of the Spider Nest
 40936 | Spider:4 | Learned a level 3 spell: Stone Arrow
 41128 | Spider:4 | Reached skill level 1 in Earth Magic
 41209 | Spider:4 | Reached XP level 18. HP: 54/147 MP: 2/49
 42284 | Spider:4 | Reached skill level 21 in Spellcasting
 43057 | Spider:4 | Got a gossamer rune of Zot
 43289 | Elf:1    | Entered Level 1 of the Elven Halls
 43354 | Elf:1    | Identified the +8 falchion of Profit {holy, *Corrode Str+3}
 43812 | Elf:1    | Reached skill level 5 in Earth Magic
 43972 | Elf:1    | Got Sanoar Egeve's Thoughts on the Retinue
 44135 | Elf:1    | Found Hawuj's Weapon Boutique.
 45129 | Elf:2    | Noticed Louise
 45134 | Elf:2    | Killed Louise
 45135 | Elf:2    | Found Peatesud's Assorted Antiques.
 45229 | Elf:2    | Bought a scroll of teleportation for 63 gold pieces
 45229 | Elf:2    | Bought a scroll of blinking for 157 gold pieces
 45370 | Elf:2    | Found a runed translucent gate.
 45371 | Elf:2    | Found a runed translucent gate.
 45371 | Elf:2    | Found a runed translucent gate.
 46738 | Elf:3    | Entered Level 3 of the Elven Halls
 46796 | Elf:3    | Found Ulin's Distillery.
 46805 | Elf:3    | Bought a potion of curing for 51 gold pieces
 46805 | Elf:3    | Bought 2 potions of curing for 102 gold pieces
 46805 | Elf:3    | Bought a potion of curing for 51 gold pieces
 46805 | Elf:3    | Bought a potion of brilliance for 68 gold pieces
 46850 | Elf:3    | Paralysed by an air elemental for 1 turns
 47125 | Elf:3    | Identified the +4 plate armour of Going Fast {Dex+5 Stlth+}
 47125 | Elf:3    | Identified the ring "Xuydgh" {Ice rN+ Dex+4}
 47138 | Elf:3    | Reached XP level 19. HP: 117/154 MP: 33/51
 47255 | Elf:3    | Reached skill level 22 in Spellcasting
 47907 | Elf:3    | Identified the amulet of Wit Fax {Acrobat Stlth+}
 48028 | Elf:3    | Got the Vellum of Distance
 48215 | Elf:3    | Reached skill level 10 in Earth Magic
 48249 | Elf:3    | Identified the +0 ring mail "Iqosau Veteq" {rCorr Int+3}
 48730 | Elf:3    | Identified the staff of fire "Sovujy Sioce" {rF+ rN+ Dex+7}
 49054 | Elf:3    | Paralysed by an air elemental for 1 turns
 49323 | Slime:1  | Entered Level 1 of the Pits of Slime
 49866 | Slime:1  | Gained mutation: Your body sometimes deteriorates upon
                  | taking damage. [a shining eye]
 50039 | Slime:1  | Gained mutation: Armour fits poorly on your strangely
                  | shaped body. [a shining eye]
 52234 | Slime:4  | Reached skill level 23 in Spellcasting
 52463 | Slime:5  | Entered Level 5 of the Pits of Slime
 52763 | Slime:5  | Gained mutation: Your body often deteriorates upon taking
                  | damage. [a shining eye]
 52787 | Slime:5  | Reached XP level 20. HP: 161/161 MP: 41/53
 53550 | Slime:5  | Noticed the Royal Jelly
 53973 | Slime:5  | Slain by a rockslime

Illustrated notes

Levels and vault maps discovered:
D:1:      heliophobic_arrival_dark_side_of_the_moon, layout_loops_ring,
          serial_shops, shop, nicolae_shop_tiny_real_fake_doors,
          nicolae_shop_stone, nicolae_shop_behind_doors,
          nicolae_shop_hallway_plus, minmay_gold_behind_fungi
D:2:      kennysheep_six_static_rooms, layout_basic, basic_altar, serial_shops,
          shop, shop
D:3:      layout_rooms, kiku_gazebo_garden_becter, lemuel_crystal_altar,
          serial_shops, shop, minmay_strange_pillars, uniq_jessica
D:4:      layout_basic, nicolae_sif_muna_condensation, elyvilon_altar_5
D:5:      layout_basic, fedhas_altar_fruit_tree
D:6:      layout_rooms, lightli_temple_of_fire, mainiacjoe_overflow_tiny_flanked
D:7:      layout_rooms, jmf_multi_god_temple, minmay_temple_entry_hall,
          uniq_duvessa, uniq_joseph
D:8:      layout_loops_ring, okawaru_altar_gauntlet_db, enter_bailey_3,
          uniq_psyche, uniq_maggie, uniq_prince_ribbit1
D:9:      layout_loops_corners, grunt_temple_overflow_gold_and_silver,
          nicolae_dithmenos_the_darkroom, roderic_roman_lattice
D:10:     layout_roguey, minmay_lair_entry_grove, minivault_23, uniq_erolcha
D:11:     minmay_slanted_spiral_squares, layout_irregular_city, david_orc_3,
          kennysheep_generic_room_5
D:12:     layout_roguey, serial_rivers, chequers_serial_rivers_micro_d,
          chequers_serial_rivers_micro_d, chequers_serial_rivers_micro_d,
          chequers_serial_rivers_large_b, chequers_serial_rivers_room_b,
          uniq_azrael, uniq_jorgrun
D:13:     layout_small_grid, xom_shifter_show, uniq_sonja
D:14:     layout_stronghold, erik_vaults_1,
          ploomutoo_gammafunk_ghost_potion_laboratory
D:15:     grunt_enter_depths_giant_problem, layout_stronghold,
          hangedman_glass_teeth
Lair:1:   layout_roguey, basic_altar, st_stairs_12, evilmike_ambush
          [evilmike_ambush_outer_basic, evilmike_ambush_inner_pond]
Lair:2:   layout_chaotic_city, spider_nest_entry_a
Lair:3:   layout_chaotic_city, minmay_shoals_entry_lonely_mermaid,
          portal_ice_cave_rime
Lair:4:   layout_cave_pods, minmay_slime_entry_pillars, gauntlet_entry_generic
Lair:5:   hellmonk_lair_end_abyssal_woods, layout_gridlike
Shoals:1: layout_shoals, serial_shops, nicolae_shop_peninsula,
          nicolae_shop_stone, shop, shop_fountains, nicolae_shoals_land_atoll
Shoals:2: layout_shoals, uniq_polyphemus
Shoals:3: layout_shoals
Shoals:4: shoals_end_hangedman, layout_shoals
Spider:1: layout_spider_delve, uniq_kirke, uniq_aizul, uniq_josephine
Spider:2: layout_cave_pods, drop_trap
Spider:3: layout_spider_delve, guppyfry_spider_mini_3, uniq_arachne
Spider:4: grunt_spider_rune_circles
Slime:1:  layout_caves
Slime:2:  layout_caves
Slime:3:  layout_caves
Slime:4:  layout_caves
Slime:5
Orc:1:    layout_diamond_mine, serial_shops, nicolae_shop_behind_doors,
          nicolae_shop_advertising_works [nicolae_subvault_shop_adworks], shop,
          nicolae_shop_trees, nicolae_shop_back_alley_shop
Orc:2:    grunt_orc_community_town_hall, layout_caves,
          grunt_orc_community_big_house_1, grunt_orc_community_big_house_1,
          grunt_orc_community_house_3, grunt_orc_community_house_3,
          grunt_orc_community_house_3, grunt_orc_community_house_3,
          grunt_orc_community_house_2, serial_shops, shop, uniq_saint_roka
Elf:1:    minmay_ambush_box, layout_loops_cross, basic_altar, serial_shops,
          nicolae_shop_statue_plus, minmay_elf_demonology
Elf:2:    nicolae_elf_blades_crystal_corner, layout_geoelf_grid, serial_shops,
          nicolae_shop_dealshenge, basic_altar, uniq_louise
Elf:3:    nooodl_elf_gasket, layout_geoelf_octagon, serial_shops, shop

Skill      XL: |  1  2  3  4  5  6  7  8  9 10 11 12 13 14 15 16 17 18 19 |
---------------+----------------------------------------------------------+-----
Spellcasting   | 2 3 4 5 6 7 8 10 11 13 14 16 18 20 21 23 | 23.2
Conjurations   | 4 5 6 7 9 10 11 13 14 15 | 15.2
Armour         | 2 3 4 |  4.0
Ice Magic      | 2 4 6 8 9 11 12 13 | 13.3
Fighting       | 3 8 10 | 10.0
Earth Magic    | 1 8 12 | 12.7
Dodging        | |  1.7
Stealth        | |  1.7

Action                     |  1- 3 |  4- 6 |  7- 9 | 10-12 | 13-15 | 16-18 | 19-21 || total
---------------------------+-------+-------+-------+-------+-------+-------+-------++-------
  Melee: Unarmed           |     6 |       |       |       |       |       |       ||     6
         Trident           |       |       |     5 |     7 |       |       |       ||    12
         Rapier            |       |       |       |    14 |     2 |       |       ||    16
         Staff             |       |       |       |       |    11 |     6 |       ||    17
         Headbutt          |       |       |       |       |       |     3 |       ||     3
   Cast: Magic Dart        |    74 |    63 |    88 |   109 |   207 |    56 |       ||   597
         Searing Ray       |     1 |    10 |    60 |    94 |    42 |     9 |       ||   216
         Iskenderun's Myst |       |       |     2 |   142 |   200 |   128 |    37 ||   509
         Freezing Cloud    |       |       |       |    25 |    87 |    27 |     7 ||   146
         Ozocubu's Refrige |       |       |       |       |   233 |   499 |   302 ||  1034
         Stone Arrow       |       |       |       |       |       |   163 |    43 ||   206
  Evoke: Wand              |       |       |     3 |    13 |    13 |    12 |       ||    41
    Use: Scroll            |       |       |     1 |     1 |    22 |    11 |     3 ||    38
         Potion            |       |       |       |       |     5 |       |       ||     5
 Armour: Robe              |     1 |       |       |       |       |       |       ||     1
         Ring mail         |       |     5 |    52 |    66 |    10 |       |       ||   133
         Steam dragon scal |       |       |       |       |    67 |   125 |    43 ||   235
  Dodge: Dodged            |    10 |     8 |    54 |    94 |   126 |   159 |    40 ||   491
